 Dungeon Crawl Stone Soup version 0.23-a0-329-g6f3f904 (webtiles) character file.

737 Loudmushroom the Skirmisher (level 7, -3/44 HPs)
             Began as a Gargoyle Fighter on Oct 16, 2018.
             Was an Initiate of Okawaru.
             Slain by an orc warrior
             ... wielding a +0 battleaxe
              (13 damage)
             ... on level 5 of the Dungeon.
             The game lasted 00:29:36 (4569 turns).

Loudmushroom the Skirmisher (Gargoyle Fighter)      Turns: 4569, Time: 00:29:37

Health: -3/44      AC: 17    Str: 22    XL:     7   Next: 75%
Magic:  7/7        EV:  4    Int: 14    God:    Okawaru [......]
Gold:   291        SH: 10    Dex:  9    Spells: 6/6 levels left

rFire    . . .     SeeInvis +   a - +1 war axe
rCold    . . .     Gourm    .   c - +0 shield
rNeg     + . .     Faith    .   l - +0 plate armour
rPois    ∞         Spirit   .   (no helmet)
rElec    +         Reflect  .   (no cloak)
rCorr    .         Harm     .   (no gloves)
MR       .....                  (no boots)
Stlth    ..........             g - amulet of regeneration
HPRegen  0.54/turn              e - ring of see invisible
MPRegen  0.10/turn              p - +6 ring of intelligence

@: no status effects
A: negative energy resistance 1, electricity resistance, unbreathing,
petrification resistance, rot immunity, AC +4
a: Renounce Religion


You were on level 5 of the Dungeon.
You worshipped Okawaru.
Okawaru was noncommittal.
You were hungry.

You visited 1 branch of the dungeon, and saw 6 of its levels.

You collected 291 gold pieces.

Inventory:

Hand Weapons
 a - a +1 war axe (weapon)
 y - a +4 trident
 J - a +1 flail of protection
Missiles
 h - 109 stones (quivered)
 j - 16 poisoned needles
 o - 12 bolts
 E - 3 curare-tipped needles
 F - 11 sling bullets
Armour
 c - a +0 shield (worn)
 l - a +0 plate armour (worn)
Jewellery
 e - a ring of see invisible (left hand)
 g - an amulet of regeneration (around neck)
 p - a +6 ring of intelligence (right hand)
Scrolls
 n - 2 scrolls of identify
 t - a scroll of remove curse
 D - a scroll of teleportation
Potions
 d - 2 potions of might
 i - 2 potions of brilliance {unknown}
 k - a potion of heal wounds {unknown}
 m - a potion of invisibility {unknown}
 q - 3 potions of curing
 s - a potion of agility {unknown}
 u - 2 potions of haste {unknown}
 v - a potion of flight {unknown}
 z - a potion of cancellation {unknown}
 B - a potion of degeneration {unknown}
 I - a potion of berserk rage {unknown}
Comestibles
 f - 11 rations


   Skills:
 + Level 5.2 Fighting
 * Level 5.1 Axes
 + Level 5.1 Armour
 + Level 5.1 Shields


You had 6 spell levels left.
You didn't know any spells.
Your spell library contained the following spells:

 Spells                   Type           Power        Failure   Level  Hunger
 Shock                    Conj/Air       #...         100%        1    ##.....
 Swiftness                Chrm/Air       #.......     100%        2    ###....
 Static Discharge         Conj/Air       #.......     100%        3    ####...
 Airstrike                Air            #.........   100%        4    #####..
 Lightning Bolt           Conj/Air       #.........   100%        5    ######.


Dungeon Overview and Level Annotations

Branches:
Dungeon (6/15)
 Temple: D:4-7

Altars:
Ashenzari
Cheibriados
Dithmenos
Kikubaaqudgha
Okawaru
Qazlal
Sif Muna
Vehumet

Shops:
D:5 [


Innate Abilities, Weirdness & Mutations

You are resistant to torment.
Your stone body is resilient. (AC +4)
You are immune to poison.
You resist negative energy. (rN+)
You are resistant to electric shocks. (rElec)
You can survive without breathing.
You are immune to petrification.
You are immune to rotting.


Message History

The orc warrior hits you with a +0 battleaxe.
You hit the orc warrior.
The orc warrior is lightly wounded.
The orc warrior hits you but does no damage.
Your plate armour prevents you from hitting the orc warrior.
The orc warrior is lightly wounded.
You closely miss the orc warrior.
The orc warrior is lightly wounded.
The orc warrior hits you with a +0 battleaxe!
* * * LOW HITPOINT WARNING * * *
Your shield and plate armour prevent you from hitting the orc warrior.
The orc warrior is lightly wounded.
You block the orc warrior's attack.
You slash the orc warrior!
The orc warrior is severely wounded.
The orc warrior barely misses you.
You hit the orc warrior but do no damage.
The orc warrior is severely wounded.
The orc warrior hits you with a +0 battleaxe!
You die...

......## .......#
.####..# .# #..#
.# ##..###########
.# #.............#
.###...#########.#
.......## #.#
.##.....# #@#
.......## #o#
#####.## #.# #.#
#.# #.# #.# ##'##
#.# ##...##
###.######
##.....##
#........#
##.......##
#...####.#


You could see an orc warrior.

Vanquished Creatures
  A sky beast (D:5)
  An ice beast (D:5)
  A centaur (D:5)
  A howler monkey (D:5)
  A hound (D:4)
  An orc priest (D:5)
  4 worker ants
  2 iguanas
  An orc wizard (D:5)
  An adder (D:5)
  8 gnolls
  A shadow imp (D:5)
  2 oozes (D:3)
  4 worms
  2 dart slugs
  5 leopard geckos
  9 orcs
  6 bats
  2 giant cockroaches
  6 hobgoblins
  4 jackals (D:4)
  9 kobolds
  A quokka (D:3)
  6 frilled lizards
  4 goblins
  8 rats
91 creatures vanquished.

Notes
Turn   | Place    | Note
-------+----------+-------------------------------------------
     0 | D:1      | Loudmushroom the Gargoyle Fighter began the quest for the
                  | Orb.
     0 | D:1      | Reached XP level 1. HP: 14/14 MP: 1/1
   259 | D:1      | Reached XP level 2. HP: 19/19 MP: 2/2
   969 | D:2      | Reached XP level 3. HP: 23/23 MP: 3/3
  1419 | D:2      | Found a shattered altar of Ashenzari.
  1423 | D:2      | Saw a vision of the Swamp and the Spider Nest.
  1423 | D:2      | Noticed a wolf spider
  1423 | D:2      | Noticed an alligator
  1423 | D:2      | Noticed a scorpion
  1423 | D:2      | Noticed a scorpion
  1424 | D:2      | Noticed a hornet
  1424 | D:2      | Noticed an alligator
  1426 | D:2      | Noticed a swamp drake
  1802 | D:3      | Reached XP level 4. HP: 29/29 MP: 4/4
  2736 | D:4      | Reached XP level 5. HP: 31/33 MP: 5/5
  3034 | D:4      | Reached XP level 6. HP: 36/39 MP: 6/6
  3279 | D:5      | Entered Level 5 of the Dungeon
  3279 | D:5      | Noticed an ice beast
  3294 | D:5      | Killed an ice beast
  3455 | D:5      | Found Setz's Antique Armour Boutique.
  3518 | D:5      | Reached XP level 7. HP: 44/44 MP: 7/7
  3855 | D:5      | Reached skill level 5 in Fighting
  3956 | D:5      | Found a shadowy altar of Dithmenos.
  3959 | D:5      | Found a snail-covered altar of Cheibriados.
  3964 | D:5      | Found a deep blue altar of Sif Muna.
  3964 | D:5      | Found an ancient bone altar of Kikubaaqudgha.
  3965 | D:5      | Found a radiant altar of Vehumet.
  3966 | D:5      | Found an iron altar of Okawaru.
  3968 | D:5      | Found a stormy altar of Qazlal.
  4161 | D:5      | Reached skill level 5 in Axes
  4161 | D:5      | Reached skill level 5 in Armour
  4161 | D:5      | Reached skill level 5 in Shields
  4497 | D:5      | Became a worshipper of Warmaster Okawaru
  4569 | D:5      | Slain by an orc warrior

Vault maps used:
D:1:      saegor_arrival_simple_a, chequers_serial_rivers_room_a
D:2:      grunt_ashenzari_visionary
D:3:      feat_on_display
D:4:      first_ration
D:5:      minitemple, serial_shops, nicolae_shop_statue_plus
D:6:      nicolae_overflow_crystal_walls, zin_academy

Skill      XL: |  1  2  3  4  5  6  7 |
---------------+----------------------+-----
Axes           | 2 3 4 5 |  5.1
Fighting       | 4 5 |  5.2
Armour         | 4 5 |  5.1
Shields        | 4 5 |  5.1

Action                   |  1- 3 |  4- 6 |  7- 9 || total
-------------------------+-------+-------+-------++-------
Melee: War axe           |   167 |   170 |    85 ||   422
  Use: Scroll            |       |    10 |     1 ||    11
  Eat: Chunk             |     3 |     6 |     3 ||    12
Armor: Scale mail        |     9 |       |       ||     9
       Plate armour      |   150 |   137 |    46 ||   333
Dodge: Dodged            |    23 |    33 |    10 ||    66
Block: Shield            |   120 |   101 |    44 ||   265

Table legend:
 A = Non-vault XP
 B = Vault XP
 C = Vault XP percentage of total XP
 D = Non-vault monster count
 E = Vault monster count
 F = Vault count percentage of total count
                 A         B        C        D         E       F
            +---------+---------+-------+---------+---------+-------
      Total |    1054 |       0 |   0.0 |      91 |       0 |   0.0
            +---------+---------+-------+---------+---------+-------
        D:1 |      28 |       0 |   0.0 |      15 |       0 |   0.0
        D:2 |      33 |       0 |   0.0 |      16 |       0 |   0.0
        D:3 |      93 |       0 |   0.0 |      24 |       0 |   0.0
        D:4 |     227 |       0 |   0.0 |      17 |       0 |   0.0
        D:5 |     673 |       0 |   0.0 |      19 |       0 |   0.0
            +---------+---------+-------+---------+---------+-------
